 Dungeon Crawl Stone Soup version 0.21.0-25-ge575cb9 (webtiles) character file.

15689 Wehk the Thaumaturge (level 12, -1/94 HPs)
             Began as a Gnoll Skald on Jan 23, 2018.
             Was a High Priest of Okawaru.
             Killed by divine providence
             ... invoked by a meliai
              (14 damage)
             ... on level 13 of the Dungeon.
             The game lasted 00:50:47 (12214 turns).

Wehk the Thaumaturge (Gnoll Skald)                 Turns: 12214, Time: 00:50:48

Health: -1/94      AC: 17    Str: 16    XL:     12   Next: 29%
Magic:  11/24      EV: 22    Int: 17    God:    Okawaru [*****.]
Gold:   902        SH:  7    Dex: 16    Spells: 16/28 levels left

rFire    . . .     SeeInvis .   w - +3 flail (crush)
rCold    . . .     Gourm    .   t - +0 buckler
rNeg     + + .     Faith    .   F - +0 steam dragon scales
rPois    .         Spirit   .   g - +1 helmet
rElec    .         Reflect  .   y - +0 cloak
rCorr    .         Harm     .   R - +2 pair of gloves of Urunt {rN++}
MR       .....                  B - +0 pair of boots
Stlth    +++++.....             H - amulet of regeneration
HPRegen  1.65/turn              (no ring)
MPRegen  0.19/turn              (no ring)

@: heroism, shrouded, infused, regenerating
A: distributed training, fangs 1, strong nose
a: Heroism, Finesse, Renounce Religion


You were on level 13 of the Dungeon.
You worshipped Okawaru.
Okawaru was extremely pleased with you.
You were not hungry.

You visited 2 branches of the dungeon, and saw 14 of its levels.
You also visited: Bailey.

You collected 1366 gold pieces.
You spent 464 gold pieces at shops.

Inventory:

Hand Weapons
 e - the +4 arbalest "Plog" {elec, Stlth+}
   (You found it in a bailey)

   It charges the ammunition it shoots with electricity; occasionally upon a
   hit, such missiles may discharge and cause terrible harm.
   It makes you more stealthy.
 q - the +2 hand axe of the Genius {venom, rElec Dex+4}
   (You found it on level 6 of the Dungeon)

   It poisons the flesh of those it strikes.
   It affects your dexterity (+4).
   It insulates you from electricity.
 w - a +3 flail of crushing (weapon)
Missiles
 m - 45 poisoned needles
 D - 21 tomahawks (quivered)
 G - 2 curare-tipped needles
 T - 15 tomahawks of returning
Armour
 g - a +1 helmet (worn)
 r - a +1 leather armour of cold resistance
 t - a +0 buckler (worn)
 y - a +0 cloak (worn)
 B - a +0 pair of boots (worn)
 F - +0 steam dragon scales (worn)
 J - a +0 chain mail of poison resistance
 R - the +2 pair of gloves of Urunt (worn) {rN++}
   (Okawaru gifted it to you on level 11 of the Dungeon)

   It greatly protects you from negative energy.
 U - a +2 plate armour of poison resistance
Jewellery
 H - an amulet of regeneration (around neck)
Wands
 b - a wand of clouds (1)
 h - a wand of paralysis (8)
 M - a wand of disintegration (10)
Scrolls
 f - 4 scrolls of enchant armour
 i - 2 scrolls of fear
 k - a scroll of brand weapon {unknown}
 n - a scroll of blinking
 o - 3 scrolls of teleportation
 u - a scroll of amnesia {unknown}
 x - 3 scrolls of remove curse
 z - 4 scrolls of immolation {unknown}
 E - a scroll of silence
 I - a scroll of vulnerability {unknown}
 O - 3 scrolls of enchant weapon
 Q - a scroll of summoning {unknown}
 W - a scroll of magic mapping
Potions
 a - 3 potions of curing
 j - 3 potions of magic
 l - 2 potions of lignification
 p - 3 potions of mutation
 s - 2 potions of haste {unknown}
 v - a potion of resistance
 A - 2 potions of brilliance
 K - a potion of cancellation
 N - a potion of invisibility
 P - a potion of flight
 S - a potion of might {unknown}
Books
 c - a book of Battle

   Spells                             Type                      Level
   a - Infusion                       Charms                       1
   b - Shroud of Golubria             Charms/Translocation         2
   c - Song of Slaying                Charms                       2
   d - Spectral Weapon                Hexes/Charms                 3
   e - Regeneration                   Charms/Necromancy            3
 C - a book of Callings

   Spells                             Type                      Level
   a - Summon Small Mammal            Summoning                    1
   b - Call Imp                       Summoning                    2
   c - Call Canine Familiar           Summoning                    3
   d - Summon Guardian Golem          Hexes/Summoning              3
   e - Summon Lightning Spire         Summoning/Air                4
   f - Summon Ice Beast               Ice/Summoning                4
Miscellaneous
 V - a lightning rod (4/4)
Comestibles
 d - 17 rations
 L - 5 chunks of flesh


   Skills:
 + Level 8.5(13.5) Fighting
 + Level 7.0(12.0) Short Blades
 + Level 7.0(12.0) Long Blades
 + Level 7.0(12.0) Axes
 + Level 8.5(13.5) Maces & Flails
 + Level 7.0(12.0) Polearms
 + Level 7.0(12.0) Staves
 + Level 7.0(12.0) Slings
 + Level 7.0(12.0) Bows
 + Level 7.0(12.0) Crossbows
 + Level 7.0(12.0) Throwing
 + Level 7.5(12.5) Armour
 + Level 8.5(13.5) Dodging
 + Level 7.0(12.0) Stealth
 + Level 7.0(12.0) Shields
 + Level 7.0(12.0) Unarmed Combat
 + Level 8.7 Spellcasting
 + Level 5.8 Conjurations
 + Level 5.8 Hexes
 + Level 8.1 Charms
 + Level 5.8 Summonings
 + Level 5.8 Necromancy
 + Level 5.8 Translocations
 + Level 5.8 Transmutations
 + Level 5.8 Fire Magic
 + Level 5.8 Ice Magic
 + Level 5.8 Air Magic
 + Level 5.8 Earth Magic
 + Level 5.8 Poison Magic
 + Level 7.7 Invocations
 + Level 7.0 Evocations


You had 16 spell levels left.
You knew the following spells:

 Your Spells              Type           Power        Failure   Level  Hunger
a - Infusion              Chrm           ####         1%          1    None
b - Shroud of Golubria    Chrm/Tloc      ####......   1%          2    None
c - Call Canine Familiar  Summ           ####....     2%          3    #......
r - Regeneration          Chrm/Necr      ####......   1%          3    #......
w - Spectral Weapon       Hex/Chrm       ####....     1%          3    #......


Dungeon Overview and Level Annotations

Branches:
Dungeon (13/15)            Temple (1/1) D:5            Lair (0/6) D:8
    Orc: D:9-12      Vaults: D:13-14

Altars:
Ashenzari
Gozag
Kikubaaqudgha
Okawaru
Ru
Sif Muna
Trog
Uskayaw
Vehumet
Wu Jian
Xom
Yredelemnul

Shops:
D:10 %%*?   D:12 (   D:13 (

Annotations:
D:1 exclusion: downstairs
D:6 2 transporters, exclusion: 2 downstairs, Menkaure
D:7 exclusion: 2 downstairs
D:9 exclusion: upstairs


Innate Abilities, Weirdness & Mutations

Your experience applies equally to all skills.
You have very sharp teeth.
Your uncanny sense of smell can sniff out nearby items.


Message History

Something smites you!
* * * LOW HITPOINT WARNING * * *
You block the meliai's attack.
The meliai closely misses your spectral weapon.
The meliai completely misses you.
Unknown command.
Unknown command.
Unknown command.
Unknown command.
Unknown command.
Unknown command.
You hit the meliai.
The meliai is almost dead.
Your spectral weapon closely misses the meliai.
The meliai completely misses you.
The meliai barely misses your spectral weapon.
The meliai barely misses you.
The meliai invokes the aid of its god against you.
Something smites you!
You die...

*,** **,,,** *,,,***,*
*,,* **+#* *,,,***,*
**,* #.# *,,,,,,,* *,*
#.# **,,,,,,, *,* ##.##
**,*****
***#,***##...### *,*
*,,...,,,......####**,*
*,*.....##yy.......,,,*
*,*,**#...@(...#,******
*,*,* #.###.#.#.#*
*,#.###.###.#*,**
*,D.........#***
**#########.# #.# #.#
### #.# ##.##
#.########.#.##


You could see 2 meliai and a friendly spectral flail of crushing.

Vanquished Creatures
  3 two-headed ogres
  2 unseen horrors
  A manticore (D:11)
  3 cyclopes
  A centaur zombie (D:11)
  Psyche (D:11)
  A kobold demonologist (D:11)
  A queen bee (D:10)
  2 trolls
  A meliai (D:13)
  3 hippogriffs
  A wyvern (D:9)
  A wraith (D:10)
  2 water elementals
  7 yaks
  2 basilisks (D:8)
  A steam dragon (D:8)
  2 water moccasins
  2 porcupines (D:8)
  A sky beast (D:12)
  3 black bears (D:8)
  4 orc warriors
  A necrophage (D:8)
  5 ogres
  2 phantoms (D:9)
  2 ice beasts (D:8)
  2 wolves (D:8)
  A centaur (D:9)
  A crocodile (D:8)
  A big kobold (D:7)
  3 bullfrogs
  32 killer bees
  An electric eel (D:12)
  A howler monkey (D:8)
  5 crimson imps
  A bullfrog zombie (D:13)
  2 lava snakes (D:10)
  3 jellies
  6 hounds
  5 orc priests
  2 quasits
  3 centaur skeletons
  7 orc wizards
  A bullfrog skeleton (D:5)
  3 iguanas
  7 worker ants
  A hound zombie (D:9)
  A hound skeleton (D:4)
  4 gnolls
  A howler monkey skeleton (D:6)
  15 adders
  5 shadow imps
  An ooze (D:3)
  3 adder zombies
  2 adder skeletons (D:5)
  A worm (D:5)
  A dart slug (D:1)
  8 leopard geckos
  26 orcs
  7 giant cockroaches
  8 goblins
  9 hobgoblins
  4 jackals
  5 quokkas
  5 ball pythons
  6 bats
  7 frilled lizards
  18 kobolds
  A leopard gecko zombie (D:7)
  2 quokka zombies
  7 rats
290 creatures vanquished.

Vanquished Creatures (collateral kills)
  A two-headed ogre (D:13)
  An orc knight (Bailey)
  A water elemental (D:12)
  A yak (D:13)
  A sky beast (D:9)
  A jelly (D:12)
  An orc (D:9)
  2 goblins (Bailey)
9 creatures vanquished.

Vanquished Creatures (others)
  An ice beast (D:12)
  A fungus (D:8)
  2 plants (D:8)
  8 spectral weapons
12 creatures vanquished.

Grand Total: 311 creatures vanquished

Notes
Turn   | Place    | Note
-------+----------+-------------------------------------------
     0 | D:1      | Wehk the Gnoll Skald began the quest for the Orb.
     0 | D:1      | Reached XP level 1. HP: 20/20 MP: 6/6
    84 | D:1      | Reached XP level 2. HP: 9/26 MP: 0/7
   564 | D:1      | Reached XP level 3. HP: 31/31 MP: 2/9
   680 | D:1      | Reached skill level 5 in Spellcasting
  1069 | D:2      | Reached skill level 1 in Invocations
  1210 | D:2      | Reached skill level 1 in Short Blades
  1210 | D:2      | Reached skill level 1 in Long Blades
  1210 | D:2      | Reached skill level 1 in Axes
  1210 | D:2      | Reached skill level 1 in Polearms
  1210 | D:2      | Reached skill level 1 in Staves
  1210 | D:2      | Reached skill level 1 in Slings
  1210 | D:2      | Reached skill level 1 in Bows
  1210 | D:2      | Reached skill level 1 in Crossbows
  1210 | D:2      | Reached skill level 1 in Throwing
  1210 | D:2      | Reached skill level 1 in Stealth
  1210 | D:2      | Reached skill level 1 in Shields
  1210 | D:2      | Reached skill level 1 in Unarmed Combat
  1210 | D:2      | Reached skill level 1 in Evocations
  1384 | D:2      | Reached XP level 4. HP: 36/38 MP: 8/11
  1718 | D:3      | Reached skill level 1 in Conjurations
  1718 | D:3      | Reached skill level 1 in Hexes
  1718 | D:3      | Reached skill level 1 in Summonings
  1718 | D:3      | Reached skill level 1 in Necromancy
  1718 | D:3      | Reached skill level 1 in Translocations
  1718 | D:3      | Reached skill level 1 in Transmutations
  1718 | D:3      | Reached skill level 1 in Fire Magic
  1718 | D:3      | Reached skill level 1 in Ice Magic
  1718 | D:3      | Reached skill level 1 in Air Magic
  1718 | D:3      | Reached skill level 1 in Earth Magic
  1718 | D:3      | Reached skill level 1 in Poison Magic
  1772 | D:3      | Reached XP level 5. HP: 33/43 MP: 5/12
  1813 | D:3      | Learned a level 2 spell: Shroud of Golubria
  1817 | D:3      | Learned a level 3 spell: Regeneration
  1837 | D:3      | Learned a level 3 spell: Spectral Weapon
  1967 | D:3      | Found a faded altar of an unknown god.
  2430 | D:4      | Reached XP level 6. HP: 22/50 MP: 0/13
  2729 | D:4      | Reached skill level 5 in Fighting
  2729 | D:4      | Reached skill level 5 in Maces & Flails
  2729 | D:4      | Reached skill level 5 in Dodging
  3122 | D:4      | Reached XP level 7. HP: 56/56 MP: 15/15
  3577 | D:5      | Entered Level 5 of the Dungeon
  3765 | D:5      | Found an iron altar of Okawaru.
  3767 | D:5      | Found an opulent altar of Gozag.
  3785 | D:5      | Became a worshipper of Warmaster Okawaru
  3973 | D:5      | Found a shimmering altar of Xom.
  4017 | D:5      | Found a staircase to the Ecumenical Temple.
  4030 | Temple   | Entered the Ecumenical Temple
  4458 | D:6      | Reached XP level 8. HP: 59/63 MP: 7/16
  4473 | D:6      | Found an ancient bone altar of Kikubaaqudgha.
  4475 | D:6      | Noticed Menkaure
  4477 | D:6      | Found a basalt altar of Yredelemnul.
  4791 | D:6      | Found a transporter.
  4793 | D:6      | Found a transporter.
  4866 | D:6      | Noticed a vampire
  4868 | D:6      | Got a steaming hand axe
  4869 | D:6      | Identified the +2 hand axe of the Genius {venom, rElec Dex+4} (You found it on level 6 of the Dungeon)
  5024 | D:6      | Reached * piety under Okawaru
  5587 | D:7      | Found a shattered altar of Ashenzari.
  5727 | D:7      | Noticed a troll
  5796 | D:7      | Killed a troll
  5796 | D:7      | Reached XP level 9. HP: 37/69 MP: 6/18
  6211 | D:8      | Reached ** piety under Okawaru
  6227 | D:8      | Reached skill level 5 in Armour
  6591 | D:8      | Reached skill level 5 in Invocations
  6713 | D:8      | Learned a level 3 spell: Call Canine Familiar
  6715 | D:8      | Found a staircase to the Lair.
  6793 | D:8      | Reached *** piety under Okawaru
  6829 | D:8      | Found an ornate altar of the Wu Jian Council.
  7027 | D:8      | Found a sacrificial altar of Ru.
  7112 | D:8      | Reached XP level 10. HP: 75/77 MP: 14/20
  7366 | D:9      | Reached skill level 5 in Short Blades
  7366 | D:9      | Reached skill level 5 in Long Blades
  7366 | D:9      | Reached skill level 5 in Axes
  7366 | D:9      | Reached skill level 5 in Polearms
  7366 | D:9      | Reached skill level 5 in Staves
  7366 | D:9      | Reached skill level 5 in Slings
  7366 | D:9      | Reached skill level 5 in Bows
  7366 | D:9      | Reached skill level 5 in Crossbows
  7366 | D:9      | Reached skill level 5 in Throwing
  7366 | D:9      | Reached skill level 5 in Stealth
  7366 | D:9      | Reached skill level 5 in Shields
  7366 | D:9      | Reached skill level 5 in Unarmed Combat
  7366 | D:9      | Reached skill level 5 in Evocations
  7473 | D:9      | Noticed a two-headed ogre
  7500 | D:9      | Killed a two-headed ogre
  7504 | D:9      | Reached **** piety under Okawaru
  7855 | D:9      | Received a gift from Okawaru
  7996 | D:10     | Entered Level 10 of the Dungeon
  8039 | D:8      | Found a bloodstained altar of Trog.
  8039 | D:8      | Found a hide-covered altar of Uskayaw.
  8042 | D:8      | Found a radiant altar of Vehumet.
  8099 | D:10     | Found Raisogga's Food Shop.
  8125 | D:10     | Found Onimutet's Magic Scroll Boutique.
  8128 | D:10     | Bought a scroll of identify for 28 gold pieces
  8128 | D:10     | Bought a scroll of identify for 28 gold pieces
  8128 | D:10     | Bought a scroll of identify for 28 gold pieces
  8128 | D:10     | Bought a scroll of identify for 28 gold pieces
  8764 | D:10     | Reached ***** piety under Okawaru
  8776 | D:10     | Found Tyilum's Food Boutique.
  8845 | D:10     | Reached XP level 11. HP: 84/84 MP: 20/22
  8981 | D:10     | Received a gift from Okawaru
  9120 | D:10     | Found Tegiam's Assorted Antiques.
  9128 | D:10     | Bought a scroll of identify for 64 gold pieces
  9128 | D:10     | Bought a buckler for 144 gold pieces
  9353 | D:10     | Bought 2 scrolls of identify for 56 gold pieces
  9407 | D:10     | Bought a scroll labeled QUODAE MATZOUROFOSH for 32 gold pieces
  9407 | D:10     | Bought a sedimented dark potion for 28 gold pieces
  9407 | D:10     | Bought a golden potion for 28 gold pieces
  9553 | D:11     | Noticed a manticore
  9570 | D:11     | Killed a manticore
  9678 | D:11     | Reached skill level 5 in Conjurations
  9678 | D:11     | Reached skill level 5 in Hexes
  9678 | D:11     | Reached skill level 5 in Summonings
  9678 | D:11     | Reached skill level 5 in Necromancy
  9678 | D:11     | Reached skill level 5 in Translocations
  9678 | D:11     | Reached skill level 5 in Transmutations
  9678 | D:11     | Reached skill level 5 in Fire Magic
  9678 | D:11     | Reached skill level 5 in Ice Magic
  9678 | D:11     | Reached skill level 5 in Air Magic
  9678 | D:11     | Reached skill level 5 in Earth Magic
  9678 | D:11     | Reached skill level 5 in Poison Magic
  9680 | D:11     | Noticed Psyche
  9687 | D:11     | Killed Psyche
  9785 | D:11     | Found a deep blue altar of Sif Muna.
  9947 | D:11     | Noticed a two-headed ogre
  9957 | D:11     | Killed a two-headed ogre
 10001 | D:11     | Received a gift from Okawaru
 10004 | D:11     | Got a pair of faintly glowing gloves {god gift}
 10010 | D:11     | Identified the +2 pair of gloves of Urunt {rN++} (Okawaru gifted it to you on level 11 of the Dungeon)
 10030 | D:11     | Noticed a cyclops
 10056 | D:11     | Killed a cyclops
 10393 | D:11     | Noticed a two-headed ogre
 10406 | D:11     | Killed a two-headed ogre
 10511 | D:11     | Killed an unseen horror
 10868 | D:12     | Found Viadass's Antique Weapon Shoppe.
 11174 | D:13     | Noticed a cyclops
 11182 | D:13     | Found a flagged portal.
 11190 | D:13     | Killed a cyclops
 11210 | Bailey   | Entered a bailey
 11336 | Bailey   | Noticed an orc knight
 11356 | Bailey   | Killed an orc knight
 11356 | Bailey   | Reached XP level 12. HP: 70/93 MP: 5/24
 11457 | Bailey   | Found a bloodstained altar of Trog.
 11471 | Bailey   | Got an ichor-stained arbalest
 11477 | Bailey   | Identified the +4 arbalest "Plog" {elec, Stlth+} (You found it in a bailey)
 11624 | D:13     | Found Fotokur's Antique Weapon Boutique.
 12002 | D:13     | Noticed a two-headed ogre
 12008 | D:13     | Killed a two-headed ogre
 12198 | D:13     | Noticed a seven-headed hydra
 12214 | D:13     | Killed from afar by a meliai

Skill      XL: |  1  2  3  4  5  6  7  8  9 10 11 12 |
---------------+-------------------------------------+-----
Spellcasting   | 5 6 7 8 |  8.7
Invocations    | 1 2 3 4 5 6 7 |  7.7
Short Blades   | 1 2 3 4 5 6 7 |  7.0
Long Blades    | 1 2 3 4 5 6 7 |  7.0
Axes           | 1 2 3 4 5 6 7 |  7.0
Polearms       | 1 2 3 4 5 6 7 |  7.0
Staves         | 1 2 3 4 5 6 7 |  7.0
Slings         | 1 2 3 4 5 6 7 |  7.0
Bows           | 1 2 3 4 5 6 7 |  7.0
Crossbows      | 1 2 3 4 5 6 7 |  7.0
Throwing       | 1 2 3 4 5 6 7 |  7.0
Stealth        | 1 2 3 4 5 6 7 |  7.0
Shields        | 1 2 3 4 5 6 7 |  7.0
Unarmed Combat | 1 2 3 4 5 6 7 |  7.0
Evocations     | 1 2 3 4 5 6 7 |  7.0
Conjurations   | 1 2 3 4 5 |  5.8
Hexes          | 1 2 3 4 5 |  5.8
Summonings     | 1 2 3 4 5 |  5.8
Necromancy     | 1 2 3 4 5 |  5.8
Translocations | 1 2 3 4 5 |  5.8
Transmutations | 1 2 3 4 5 |  5.8
Fire Magic     | 1 2 3 4 5 |  5.8
Ice Magic      | 1 2 3 4 5 |  5.8
Air Magic      | 1 2 3 4 5 |  5.8
Earth Magic    | 1 2 3 4 5 |  5.8
Poison Magic   | 1 2 3 4 5 |  5.8
Armour         | 3 4 5 6 7 |  7.5
Fighting       | 5 6 7 8 |  8.5
Maces & Flails | 5 6 7 8 |  8.5
Dodging        | 5 6 7 8 |  8.5
Charms         | 6 7 8 |  8.1

Action                   |  1- 3 |  4- 6 |  7- 9 | 10-12 || total
-------------------------+-------+-------+-------+-------++-------
Melee: Mace              |    16 |       |       |       ||    16
       Bite              |     5 |     8 |    18 |    34 ||    65
       Short sword       |    60 |       |       |       ||    60
       Flail             |    14 |   125 |   229 |   335 ||   703
       Punch             |     1 |     2 |     3 |     8 ||    14
       Hand axe          |       |       |       |    67 ||    67
Throw: Tomahawk          |       |       |     3 |    21 ||    24
 Cast: Infusion          |    14 |    16 |    37 |    49 ||   116
       Shroud of Golubri |       |     6 |    29 |    47 ||    82
       Spectral Weapon   |       |     2 |    14 |    30 ||    46
       Regeneration      |       |     3 |    12 |    33 ||    48
       Call Canine Famil |       |       |     4 |    29 ||    33
Invok: Heroism           |       |       |       |     3 ||     3
       Finesse           |       |       |       |     1 ||     1
Evoke: Wand              |       |       |     2 |     2 ||     4
  Use: Scroll            |     3 |     3 |     6 |    15 ||    27
       Potion            |       |     1 |     1 |     3 ||     5
 Stab: Sleeping          |     1 |     3 |     4 |     6 ||    14
       Distracted        |       |       |       |     7 ||     7
  Eat: Chunk             |     2 |     6 |    11 |    16 ||    35
       Ration            |       |       |     1 |     1 ||     2
Armor: Leather armour    |    19 |    29 |    82 |       ||   130
       Skin              |       |    12 |       |    10 ||    22
       Steam dragon scal |       |       |    12 |   161 ||   173
Dodge: Dodged            |    76 |    86 |   247 |   473 ||   882
Block: Buckler           |       |       |       |    89 ||    89
